 Dungeon Crawl Stone Soup version 0.24.0-2-g5b39cebb1c (webtiles) character file.

Game seed: 14877115963111041579, levelgen mode: deterministic

17198 Oravi the Cleaver (level 12, -1/113 HPs)
             Began as a Hill Orc Berserker on Oct 31, 2019.
             Was an Elder of Trog.
             Slain by a blink frog (10 damage)
             ... on level 2 of the Lair of Beasts.
             The game lasted 00:43:56 (13007 turns).

Oravi the Cleaver (Hill Orc Berserker)             Turns: 13007, Time: 00:43:57

Health: -1/113     AC: 19    Str: 25    XL:     12   Next: 45%
Magic:  17/17      EV:  8    Int:  7    God:    Trog [****..]
Gold:   490        SH:  0    Dex: 10    Spells: 11/11 levels left

rFire    + + .     SeeInvis .   u - +0 war axe
rCold    x . .     Gourm    .   (no shield)
rNeg     . . .     Faith    .   O - +2 plate armour {rF+}
rPois    .         Spirit   .   m - +0 helmet
rElec    .         Reflect  .   L - +0 cloak
rCorr    .         Harm     .   (no gloves)
MR       .....                  (no boots)
Stlth    ..........             (no amulet)
HPRegen  0.28/turn              r - ring of fire
MPRegen  0.15/turn              (no ring)

@: berserk cooldown, slowed, very slow
A: no striking features
a: Berserk, Trog's Hand, Brothers in Arms, Renounce Religion


You were on level 2 of the Lair of Beasts.
You worshipped Trog.
Trog was greatly pleased with you.
You were near starving.

You visited 3 branches of the dungeon, and saw 12 of its levels.
You also visited: Volcano.

You collected 633 gold pieces.
You spent 143 gold pieces at shops.

Inventory:

Hand Weapons
 j - a +0 whip of flaming
 u - a +0 war axe (weapon)
 Q - a +4 arbalest of flaming
Missiles
 k - 125 sling bullets
 n - 156 stones
 p - 171 arrows
 v - 134 bolts
 y - 2 throwing nets {!f}
 D - 11 boomerangs (quivered)
 G - 9 poisoned darts
 J - 2 datura-tipped darts
 T - 3 javelins
Armour
 f - a +0 chain mail
 m - a +0 helmet (worn)
 L - a +0 cloak (worn)
 N - a +1 chain mail of fire resistance
 O - a +2 plate armour of fire resistance (worn)
Jewellery
 r - a ring of fire (left hand)
 F - an uncursed ring of ice
Wands
 t - a wand of flame (27)
 H - a wand of random effects (34)
 R - a wand of disintegration (17)
Scrolls
 a - 3 scrolls of fog
 b - 7 scrolls of remove curse {@r2}
 d - 2 scrolls of teleportation
 e - 4 scrolls of noise
 g - 2 scrolls of amnesia {unknown}
 i - 12 scrolls of identify {@r1}
 l - 2 scrolls of blinking {unknown}
 q - 3 scrolls of random uselessness {unknown}
 x - 2 scrolls of magic mapping {unknown}
 A - a scroll of enchant armour {unknown}
 B - a scroll of summoning {unknown}
 C - a scroll of immolation {unknown}
 I - a scroll of fear {unknown}
 P - a scroll of vulnerability {unknown}
Potions
 h - 3 potions of haste {unknown}
 o - a potion of cancellation {unknown}
 s - 3 potions of resistance {unknown}
 w - 3 potions of curing {@q1}
 z - a potion of agility
 E - a potion of flight {unknown}
 K - 3 potions of might
 M - a potion of lignification {unknown}
 U - a potion of heal wounds {unknown}
Comestibles
 c - 17 rations
 S - 17 chunks of flesh


   Skills:
 + Level 12.3 Fighting
 + Level 13.3 Axes
 + Level 7.6 Throwing
 + Level 9.7 Armour
 - Level 1.5 Dodging
 + Level 7.6 Evocations


You had 11 spell levels left.
You didn't know any spells.
Your spell library was empty.

Dungeon Overview and Level Annotations

Branches:
Dungeon (9/15)             Temple (1/1) D:7            Lair (2/6) D:9
Volcano (visited)
  Swamp: Lair:2-4    Shoals: Lair:2-4     Snake: Lair:2-4    Spider: Lair:2-4
    Orc: D:9-12

Altars:
Gozag
Kikubaaqudgha
Makhleb
Nemelex Xobeh
Qazlal
Ru
Sif Muna
Trog
Uskayaw
Vehumet
Xom
Yredelemnul
Zin

Shops:
D:8 ?

Annotations:
Lair:1 1 runed translucent door, Granthy's ghost, journeyman GnSk
Lair:2 1 exclusion


Message History

The blink frog hits you but does no damage.
You closely miss the blink frog.
The blink frog is almost dead.
The blink frog hits you but does no damage.
The blink frog closely misses you.
You barely miss the blink frog.
The blink frog is almost dead.
The blink frog hits you!
* * * LOW HITPOINT WARNING * * *
The blink frog blinks!
Throwing (i - inventory. (/) - cycle)
T - 3 javelins (quivered)
Aim: a blink frog (almost dead)
Okay, then.
Quiver which item? (- for none, * to show all) (? for menu, Esc to quit)
Quivering
D - 11 boomerangs for throwing.
Throwing (i - inventory. (/) - cycle)
D - 11 boomerangs (quivered)
Aim: a blink frog (almost dead)
You throw a boomerang. The boomerang misses the blink frog.
The blink frog hits you!
You die...

♣♣♣♣...♣
♣.♣♣♣♣.♣
♣♣♣.♣
♣.♣ ♣.♣
..♣ .♣♣
♣♣.♣ .♣♣
♣ ♣.♣♣
♣♣ ♣♣.♣
♣.♣♣
♣♣.♣
♣F♣♣ ♣
♣♣@♣
♣.♣♣§♣♣
♣...♣♣
♣...♣♣♣
♣).. ♣($
♣. ♣


You could see a blink frog.

Vanquished Creatures
  Harold (D:6)
  A centaur warrior (Volcano)
  A catoblepas (D:8)
  A hell knight (Volcano)
  Pikel (D:5)
  A black mamba (Lair:1)
  A spiny frog (Lair:2)
  4 komodo dragons
  A rime drake (Lair:2)
  A yaktaur (Volcano)
  A troll (D:9)
  Grinder (D:3)
  6 hippogriffs
  5 spriggans (Lair:2)
  A wraith (D:8)
  17 yaks
  Sigmund (D:2)
  6 fire bats (Volcano)
  A basilisk (D:9)
  A steam dragon (D:7)
  Menkaure (D:7)
  Edmund (D:5)
  6 water moccasins
  2 ice beasts
  2 orc warriors
  2 porcupines (Lair:2)
  A black bear (D:8)
  2 slaves (D:4)
  3 phantoms
  A necrophage (D:6)
  6 wolves (Lair:1)
  2 centaurs
  4 ogres
  3 crocodiles (Lair:2)
  6 bullfrogs
  2 big kobolds
  A wyvern skeleton (D:7)
  A scorpion (D:7)
  5 killer bees (D:7)
  3 wights (D:8)
  3 howler monkeys
  4 crimson imps
  6 lava snakes (Volcano)
  2 quasits
  2 orc priests
  3 hounds
  Crazy Yiuf (D:7)
  7 jellies
  A bullfrog skeleton (D:9)
  Jessica (D:2)
  An iguana (D:9)
  Ijyb (D:5)
  4 orc wizards
  Natasha (thrice) (D:2)
  10 worker ants
  A hound skeleton (D:8)
  3 gnolls (D:4)
  10 adders
  3 shadow imps
  5 oozes (D:8)
  An adder zombie (D:5)
  2 worms (D:4)
  A dart slug (D:1)
  6 leopard geckos
  19 orcs
  12 bats
  7 giant cockroaches
  8 goblins
  8 hobgoblins
  19 jackals
  8 kobolds
  3 quokkas
  3 ball pythons
  4 frilled lizards
  A leopard gecko skeleton (D:8)
  A quokka skeleton (D:7)
  8 rats
  A fungus (Lair:2)
  A plant (Lair:2)
291 creatures vanquished.

Vanquished Creatures (collateral kills)
  Joseph (D:7)
  A yaktaur (Volcano)
  3 centaurs (Volcano)
5 creatures vanquished.

Vanquished Creatures (others)
  A fungus (Lair:1)
  2 plants
3 creatures vanquished.

Grand Total: 299 creatures vanquished

Notes
Turn   | Place    | Note
-------+----------+-------------------------------------------
     0 | D:1      | Oravi the Hill Orc Berserker began the quest for the Orb.
     0 | D:1      | Reached XP level 1. HP: 19/19 MP: 1/1
   172 | D:1      | Reached XP level 2. HP: 27/27 MP: 2/2
   497 | D:1      | Reached XP level 3. HP: 24/33 MP: 3/3
   925 | D:1      | You fall into a shaft and drop 1 floor!
   926 | D:2      | Reached ** piety under Trog
  1068 | D:2      | Noticed Jessica
  1072 | D:2      | Killed Jessica
  1072 | D:2      | Reached XP level 4. HP: 41/41 MP: 4/4
  1159 | D:2      | Noticed Natasha
  1166 | D:2      | Killed Natasha
  1166 | D:2      | Reached skill level 5 in Axes
  1166 | D:2      | Reached skill level 1 in Throwing
  1189 | D:2      | Noticed Natasha
  1208 | D:2      | Killed Natasha
  1208 | D:2      | Reached XP level 5. HP: 31/47 MP: 5/5
  1278 | D:2      | Noticed Sigmund
  1380 | D:2      | Killed Sigmund
  1380 | D:2      | Reached skill level 5 in Fighting
  1380 | D:2      | Reached XP level 6. HP: 56/56 MP: 6/6
  1427 | D:2      | Noticed Natasha
  1445 | D:2      | Killed Natasha
  1569 | D:2      | You fall into a shaft and drop 2 floors!
  1605 | D:4      | Reached skill level 6 in Axes
  2406 | D:3      | Reached XP level 7. HP: 48/62 MP: 7/7
  2424 | D:3      | Found a hide-covered altar of Uskayaw.
  3276 | D:4      | Noticed Grinder
  3289 | D:4      | Paralysed by Grinder for 7 turns
  3299 | D:3      | Paralysed by Grinder for 6 turns
  3372 | D:4      | Reached skill level 1 in Evocations
  3396 | D:4      | Reached *** piety under Trog
  3406 | D:4      | Reached skill level 7 in Axes
  3616 | D:5      | Entered Level 5 of the Dungeon
  3655 | D:5      | Noticed Pikel
  3732 | D:5      | Identified the cursed +0 robe of Xom's Envy {rF+ rC+}
  3848 | D:4      | Reached skill level 5 in Armour
  3848 | D:4      | Reached XP level 8. HP: 65/71 MP: 7/9
  3888 | D:5      | Noticed Edmund
  3888 | D:5      | You fall into a shaft and drop 2 floors!
  3888 | D:7      | Noticed Harold
  3910 | D:6      | Killed Harold
  3910 | D:6      | Reached skill level 8 in Axes
  3910 | D:6      | Reached XP level 9. HP: 47/80 MP: 9/11
  4095 | D:5      | Noticed Ijyb
  4115 | D:5      | Killed Ijyb
  4153 | D:5      | Reached skill level 9 in Axes
  4528 | D:5      | Killed Edmund
  4699 | D:5      | Killed Pikel
  4967 | D:6      | Found a basalt altar of Yredelemnul.
  5408 | D:6      | Reached skill level 10 in Axes
  5643 | D:7      | Found a staircase to the Ecumenical Temple.
  5646 | D:7      | Found the +9 staff of Wucad Mu {channel}
  5650 | Temple   | Entered the Ecumenical Temple
  5672 | D:7      | Found a stormy altar of Qazlal.
  5681 | D:7      | Noticed Menkaure
  5690 | D:7      | Killed Menkaure
  5968 | D:7      | Reached XP level 10. HP: 90/90 MP: 13/13
  6045 | D:7      | Reached **** piety under Trog
  6183 | D:7      | Reached skill level 5 in Throwing
  6201 | D:7      | Received a gift from Trog
  6273 | D:7      | Found a runed translucent door.
  6274 | D:7      | Noticed Crazy Yiuf
  6299 | D:7      | Noticed Joseph
  6313 | D:7      | Killed Joseph
  6497 | D:7      | Killed Crazy Yiuf
  6537 | D:8      | Reached skill level 10 in Fighting
  6778 | D:8      | Reached skill level 11 in Axes
  7120 | D:8      | Found a shimmering altar of Xom.
  7121 | D:8      | Found a burning altar of Makhleb.
  7185 | D:8      | Found Bosy Car's Magic Scroll Shop.
  7188 | D:8      | Bought a scroll of teleportation for 39 gold pieces
  7188 | D:8      | Bought a scroll of remove curse for 39 gold pieces
  7188 | D:8      | Bought a scroll of identify for 26 gold pieces
  7188 | D:8      | Bought a scroll of noise for 13 gold pieces
  7188 | D:8      | Bought a scroll of fog for 26 gold pieces
  7296 | D:8      | Noticed a catoblepas
  7303 | D:8      | Killed a catoblepas
  7303 | D:8      | Reached skill level 5 in Evocations
  8105 | D:3      | Killed Grinder
  8301 | D:3      | Found a hide-covered altar of Uskayaw.
  9119 | D:9      | Reached XP level 11. HP: 80/100 MP: 14/14
  9305 | D:9      | Found a radiant altar of Vehumet.
  9383 | D:9      | Found a basalt altar of Yredelemnul.
  9408 | D:9      | Found a shimmering blue altar of Sif Muna.
  9459 | D:9      | Found a staircase to the Lair.
  9476 | D:9      | Reached skill level 12 in Axes
  9671 | Lair:1   | Entered Level 1 of the Lair of Beasts
  9850 | Lair:1   | Found a runed translucent door.
  9851 | Lair:1   | Found a shimmering altar of Xom.
  9851 | Lair:1   | Noticed Granthy's ghost (journeyman GnSk)
  9851 | Lair:1   | Noticed a +2 quarterstaff of chaos
 10421 | Lair:1   | Found a dark tunnel.
 10427 | Volcano  | Entered a volcano
 11271 | Volcano  | Noticed a hell knight
 11276 | Volcano  | Noticed a centaur warrior
 11277 | Volcano  | Killed a hell knight
 11291 | Volcano  | Killed a centaur warrior
 11485 | Volcano  | Found a burning altar of Makhleb.
 11507 | Volcano  | Found a burning altar of Makhleb.
 11845 | Lair:1   | Reached XP level 12. HP: 51/111 MP: 17/17
 12400 | Lair:2   | Received a gift from Trog
 12508 | Lair:2   | Reached skill level 13 in Axes
 13007 | Lair:2   | Slain by a blink frog

Levels and vault maps discovered:
D:1:      psy_arrival_radial01, layout_loops_ring
D:2:      layout_loops_ring, hangedman_decor_lopped, uniq_jessica, uniq_natasha,
          uniq_sigmund
D:3:      layout_basic, old_standard_altar, kennysheep_generic_room_10
D:4:      layout_cave_pools, nicolae_overflow_hidden_temple, first_ration,
          uniq_grinder
D:5:      layout_cave_pools, minmay_pentangle, uniq_edmund, uniq_ijyb,
          uniq_pikel
D:6:      layout_basic, basic_altar
D:7:      statuecave_lemuel, layout_rooms, nicolae_qazlal_style_of_elements,
          minmay_temple_entry_offerings, enter_bailey_3, uniq_menkaure,
          uniq_joseph, uniq_harold, uniq_crazy_yiuf_cottage
D:8:      layout_loops_cross, grunt_temple_overflow_champion_of_chaos,
          serial_shops, nicolae_shop_behind_doors,
          hangedman_little_slice_of_home, minmay_three_doors
D:9:      layout_loops_ring, grunt_temple_overflow_open, kennysheep_mini,
          david_lair_shrubbed, minmay_misc_feat_four_crosses
Temple:   eino_temple_lava
Lair:1:   layout_regular_city, ebering_ghost_xom,
          lightli_volcano_entry_magma_tube
Lair:2:   kb_forest_paths, layout_misc_corridors, st_stairs_13,
          grunt_forest_small_clearings, beast_lair_carwin_9

Skill      XL: |  1  2  3  4  5  6  7  8  9 10 11 12 |
---------------+-------------------------------------+-----
Fighting       | 4 5 6 8 9 10 11 12 | 12.3
Armour         | 3 4 5 6 7 9 |  9.7
Axes           | 5 6 7 8 10 11 12 13 | 13.3
Throwing       | 1 2 3 4 5 7 |  7.6
Evocations     | 1 2 4 5 6 7 |  7.6
Dodging        | |  1.5

Action                   |  1- 3 |  4- 6 |  7- 9 | 10-12 || total
-------------------------+-------+-------+-------+-------++-------
Melee: Hand axe          |    92 |   146 |    27 |       ||   265
       War axe           |       |       |   302 |   801 ||  1103
Throw: Boomerang         |       |       |     1 |    13 ||    14
       Stone             |       |       |     1 |       ||     1
       Javelin           |       |       |       |     2 ||     2
Invok: Berserk           |     1 |     5 |     9 |    15 ||    30
       Trog's Hand       |       |     1 |     2 |     1 ||     4
       Brothers in Arms  |       |       |       |     3 ||     3
Evoke: Wand              |       |       |     2 |       ||     2
  Use: Potion            |       |       |       |     1 ||     1
  Eat: Chunk             |     1 |    10 |    16 |    28 ||    55
       Ration            |       |       |     1 |     3 ||     4
Armor: Animal skin       |    11 |       |       |       ||    11
       Chain mail        |    20 |   105 |   200 |   107 ||   432
       Plate armour      |       |       |       |   359 ||   359
Dodge: Dodged            |    55 |    84 |   154 |   266 ||   559
